 Dungeon Crawl Stone Soup version 0.31.0-9-g3a7656b989 (webtiles) character file.

Game seed: 11844580919448939434

107 qw the Shooter (level 4, -4/22 HPs)
             Began as a Spriggan Hunter on Feb 2, 2024.
             Killed from afar by Ijyb (16 damage)
             ... with a bolt of acid
             ... on level 3 of the Dungeon.
             The game lasted 00:00:05 (1419 turns).

qw the Shooter (Spriggan Hunter)                    Turns: 1419, Time: 00:00:05

Health: -4/22      AC:  4    Str:  7    XL:     4   Next: 56%
Magic:  5/5        EV: 20    Int: 10    God:
Gold:   72         SH:  0    Dex: 20    Spells: 3/3 levels left

rFire   . . .        a - +0 shortbow
rCold   . . .        (shield currently unavailable)
rNeg    . . .        c - +0 robe
rPois   .            (helmet restricted)
rElec   .            b - +1 cloak
rCorr   .            (gloves unavailable)
SInv    +            (boots unavailable)
Will    .....        (no amulet)
Stlth   ++           (no ring)
HPRegen 0.23/turn    (no ring)
MPRegen 0.09/turn

%: no passive effects
@: very quick
A: very small, no large weapons, unfitting armour, see invisible, speed 3
a: no special abilities


You were on level 3 of the Dungeon.
You visited 1 branch of the dungeon, and saw 3 of its levels.

You collected 72 gold pieces.


Innate Abilities, Weirdness & Mutations

You are very small and have problems with some larger weapons.
You are too small for most types of armour.
You have supernaturally acute eyesight. (SInv)
You cover ground extremely quickly. (Speed+++)


   Skills:
 + Level 1.5 Fighting
 - Level 5.1 Ranged Weapons
 - Level 5.0 Dodging
 - Level 1.5 Stealth


You had 3 spell levels left.
You didn't know any spells.
Your spell library was empty.

Inventory:

Hand Weapons
 a - a +0 shortbow (weapon)
Armour
 b - a +1 cloak (worn)
 c - a +0 robe (worn)
Wands
 d - a wand of flame (9)
Scrolls
 i - a scroll of poison {unknown}
 j - a scroll of identify {unknown}
 l - a scroll of blinking {unknown}
 m - a scroll of torment {unknown}
Potions
 e - a potion of might
 f - a potion of haste
 g - a potion of mutation {unknown}
 h - a potion of curing {unknown}
 k - a potion of heal wounds {unknown}

Dungeon Overview and Level Annotations

Branches:
Dungeon (3/15)

Altars:

Shops:
D:1 (*

Annotations:
D:3 Ijyb


Message History

The quokka is moderately wounded.
You shoot an arrow. The arrow hits the quokka.
You kill the quokka!
Your Dodging skill increases to level 5!
Found a stone staircase leading up.
Enter note: You open the door.
There is an open door here.
m - a scroll labelled WUT LOSOTUO You open the door.
There is an open door here.
Found a stone staircase leading down.
Ijyb the Twisted Goblin comes into view.
She is wielding a +0 dagger and carrying a wand of acid.
You shoot an arrow. The arrow hits Ijyb but does no damage.
Ijyb shouts!
You shoot an arrow. The arrow hits Ijyb.
Ijyb is moderately wounded.
You shoot an arrow. The arrow barely misses Ijyb.
You shoot an arrow. The arrow hits Ijyb but does no damage.
Ijyb is moderately wounded.
You shoot an arrow. The arrow hits Ijyb.
Ijyb is heavily wounded.
You shoot an arrow. The arrow misses Ijyb.
Ijyb hits you with a +0 dagger.
You shoot an arrow. The arrow barely misses Ijyb.
Ijyb hits you with a +0 dagger.
You shoot an arrow. The arrow barely misses Ijyb.
Ijyb hits you with a +0 dagger.
You shoot an arrow. The arrow misses Ijyb.
Ijyb screams, "Die!"
Ijyb hits you with a +0 dagger. x2
You shoot an arrow. The arrow hits Ijyb but does no damage.
Ijyb is heavily wounded.
Ijyb zaps a wand.
The bolt of acid misses you.
You shoot an arrow. The arrow barely misses Ijyb.
Ijyb barely misses you.
You shoot an arrow. The arrow closely misses Ijyb.
Ijyb zaps a wand.
The bolt of acid hits you!
Ouch! That really hurt!
You die...

### #>.
##########
#.#
##.@g......
#.#
##..########
#.#
..####...##
#.#
#........>#
#>#
#####...##
#.# ##.##
#.. #.# #..
#### #.# #.#
..# ##'##
#.# #..#


You could see Ijyb.

Vanquished Creatures
  A hound (D:3)
  An adder (D:2)
  2 dart slugs
  A ribbon worm (D:2)
  8 endoplasms
  3 giant cockroaches
  6 goblins
  3 hobgoblins
  7 jackals
  4 quokkas
  5 ball pythons
  5 bats
  2 frilled lizards
  4 kobolds
  4 rats
56 creatures vanquished.

Notes
Turn   | Place    | Note
-------+----------+-------------------------------------------
     0 | D:1      | qw the Spriggan Hunter began the quest for the Orb.
     0 | D:1      | Reached XP level 1. HP: 10/10 MP: 2/2
     0 | D:1      | 0 ||| qw: Version: 0.3-a-155-g5e7d8dd
     0 | D:1      | 0 ||| qw: Game counter: 830
     0 | D:1      | 0 ||| qw: Melee chars always use a shield: true
     0 | D:1      | 0 ||| qw: God list: Okawaru
     0 | D:1      | 0 ||| qw: Allow faded altars: false
     0 | D:1      | 0 ||| qw: Do Orc after clearing Dungeon:15 true
     0 | D:1      | 0 ||| qw: Do second Lair branch before Depths: true
     0 | D:1      | 0 ||| qw: Lair rune preference: random
     0 | D:1      | 0 ||| qw: Goals: Normal
     0 | D:1      | 0 ||| PLANNING D:1-11
    27 | D:1      | Reached skill level 3 in Dodging
    78 | D:1      | Reached XP level 2. HP: 10/14 MP: 3/3
   111 | D:1      | Found Mibirohi's General Store.
   150 | D:1      | 150 ||| SHOPLISTING potion of heal wounds (55 gold, have
                  | 8).
   350 | D:1      | Found Xaono's Weapon Boutique.
   381 | D:1      | Reached XP level 3. HP: 18/18 MP: 4/4
   480 | D:1      | 480 ||| READING 2 scrolls labelled DAMOLUICU.
   480 | D:1      | 480 ||| ENCHANTING +0 shortbow.
   481 | D:1      | 481 ||| READING scroll labelled XAREDWIENU.
   482 | D:1      | 482 ||| DRINKING 2 fuming pink potions.
   483 | D:1      | 483 ||| DROPPING scroll of butterflies.
  1033 | D:2      | 1033 ||| UPGRADING to +0 cloak.
  1038 | D:2      | 1038 ||| READING scroll of enchant armour.
  1038 | D:2      | 1038 ||| ENCHANTING +0 cloak.
  1039 | D:2      | 1039 ||| READING scroll labelled ZEODAD GEUDEA.
  1040 | D:2      | 1040 ||| DRINKING 2 golden potions.
  1070 | D:3      | Reached XP level 4. HP: 19/22 MP: 5/5
  1407 | D:3      | Noticed Ijyb
  1419 | D:3      | Killed from afar by Ijyb

Levels and vault maps discovered:
D:1:      evilmike_arrival_plus, layout_rooms, serial_shops, shop, shop
D:2:      layout_basic
D:3:      layout_loops_corners, kennysheep_generic_room_8, uniq_ijyb

Skill      XL: |  1  2  3  4 |
---------------+-------------+-----
Dodging        | 3 4 5 |  5.0
Ranged Weapons | 5 |  5.1
Fighting       | |  1.5
Stealth        | |  1.5

Action                     |  1- 3 |  4- 6 || total
---------------------------+-------+-------++-------
   Fire: Shortbow          |   108 |    43 ||   151
    Use: Scroll            |     4 |       ||     4
         Potion            |     2 |       ||     2
 Armour: Robe              |     9 |     7 ||    16
  Dodge: Dodged            |    29 |     9 ||    38

Table legend:
 A = Non-vault XP
 B = Vault XP
 C = Vault XP percentage of total XP
 D = Non-vault monster count
 E = Vault monster count
 F = Vault count percentage of total count
                 A         B        C        D         E       F
            +---------+---------+-------+---------+---------+-------
      Total |     153 |       0 |   0.0 |      56 |       0 |   0.0
            +---------+---------+-------+---------+---------+-------
        D:1 |      41 |       0 |   0.0 |      24 |       0 |   0.0
        D:2 |      52 |       0 |   0.0 |      20 |       0 |   0.0
        D:3 |      60 |       0 |   0.0 |      12 |       0 |   0.0
            +---------+---------+-------+---------+---------+-------
